montu, chaotic male human Wizard # ---------- |........|################` |........-# ------# ------------ |........| #.<...|########...........| |.........##########|....|########|..........| -------------- |........| |..).| #|..........| |.**`@%).[*..| |........| |.....########--------|--- ##-.*:.I.*.....| ---------- ------ #####################|.*``.[......| # ### -------------- # # ### # # # ---.-----# |........# |.....>.| |.*.....| --------- montu the Conjurer Experience level: 5 Strength: 14 Dexterity: 12 Constitution: 14 Intelligence: 18 Wisdom: 9 Charisma: 10 Health: 0(54) Energy: 10(24) Def: 2 Gold: 0 Moves: 1716 Dungeon seed: BHG4Nn07wrIY9WEp Game ID: montu_1682656756 Your Inventory: Amulets p - an uncursed amulet of restful sleep Weapons a - a blessed +2 quarterstaff (weapon in hands) Armor e - an uncursed +1 cloak of magic resistance (being worn) r - an uncursed -1 helm of opposite alignment Comestibles A - an uncursed food ration B - 2 uncursed fortune cookies F - an uncursed slime mold G - an uncursed candy bar Potions k - an uncursed potion of water z - an uncursed potion of levitation Rings q - an uncursed ring of fire immunity (on left hand) Wands b - an uncursed wand of striking (0:0) Tools h - an uncursed blindfold Gems y - an uncursed worthless piece of white glass N - 4 uncursed worthless pieces of orange glass Spells and supernatural/magical abilities: Name Level Category Cost Memory a - force bolt 1 attack 8pw 98% h - healing 1 healing 12pw 98% l - light 1 divination 12pw 98% m - magic missile 2 attack 16pw 98% H - speed monster 3 escape 37pw 98% O - summoning 2 clerical 25pw 98% W - pray for help -- divine ? -- Your skills at the end: Fighting Skills wands [Basic] Weapon Skills quarterstaff [Basic] Spellcasting Skills attack spells [Basic] enchantment spells [Basic] Final Attributes: You had strayed. You were immune to fire. You were magic resistant. You were very unlucky. You last prayed 428 turns ago. Anhur was noncommittal. You are dead. Vanquished creatures: a large mimic a small mimic an acid blob a gnome zombie a gecko 2 jackals a fox 6 goblins 3 grid bugs 3 lichens 6 newts 26 creatures vanquished. Voluntary challenges: You were an atheist. You used a wielded weapon 35 times, starting on turn 380. You read items or engraved 79 times, starting on turn 27. You never genocided any monsters. You never polymorphed an object. You never changed form. You used no wishes. You never split a pudding. You wrote Elbereth's name 49 times, starting on turn 899. You violated your moral code, losing 31 points of alignment, starting on turn 970. Dungeon overview: The Dungeons of Doom: levels 1 to 2 Level 1 a long staircase Level 2 <- You were here a general store History has recorded: On T:1 you entered the Dungeons of Doom to retrieve the Amulet of Yendor! On T:444 you reached level 2 of The Dungeons of Doom. On T:844 you advanced to experience level 2. On T:999 you advanced to experience level 3. On T:1096 you advanced to experience level 4. On T:1535 you advanced to experience level 5. Score breakdown: Gold: 0 ( 0 points) Experience: 5 levels (11141 points) Exploration: 2 levels ( 4.44%) ( 4522 points) Discoveries: 18 items ( 6.04%) ( 7373 points) Valuables value: (no points given unless you survive) Artifact value: 0 ( 0 points) Variety of kills: 11 monsters ( 2.89%) ( 5104 points) Turncount: 1716 turns ( 0 points) Survival: died (score multiplied by 80%) Total score: 22512 Latest messages: You are beginning to feel hungry. The force bolt misses Chicoutimi. Your conscience bothers you... Chicoutimi gets angry! Chicoutimi drinks a potion of invisibility! Chicoutimi suddenly disappears! You hear a distant zap. The force bolt misses it. You don't have enough energy to cast that spell. The wand hits it. It resists! You hear a distant zap. (3x) Boing! Wait! There's something there you can't see! It hits! (2x) You see here 7 rocks (56 zorkmids). It hits! (4x) You die... Chicoutimi takes all your possessions. Final status: Goodbye montu the Wizard, killed by an invisible Mr. Chicoutimi, the shopkeeper... You died in The Dungeons of Doom on dungeon level 2 with 22512 points, and 0 pieces of gold, after 1716 moves. You were level 5 with a maximum of 54 hit points when you died.